 Dungeon Crawl Stone Soup version 0.23.2-1-ga50397a (webtiles) character file.

Game seed: 7101919660372849690

225 cab the Digger (level 6, -1/32 HPs)
             Began as a Gargoyle Earth Elementalist on June 1, 2019.
             Slain by a killer bee (2 damage)
             ... on level 3 of the Dungeon.
             The game lasted 00:09:31 (3527 turns).

cab the Digger (Gargoyle Earth Elementalist)        Turns: 3527, Time: 00:09:32

Health: -1/32      AC:  7    Str: 11    XL:     6   Next: 1%
Magic:  3/9        EV: 11    Int: 18    God:
Gold:   119        SH:  0    Dex: 10    Spells: 5/9 levels left

rFire    . . .     SeeInvis .   j - +0 club
rCold    . . .     Gourm    .   (no shield)
rNeg     + . .     Faith    .   n - +0 leather armour
rPois    ∞         Spirit   .   (no helmet)
rElec    +         Reflect  .   (no cloak)
rCorr    .         Harm     .   (no gloves)
MR       .....                  (no boots)
Stlth    ++........             f - amulet of magic regeneration
HPRegen  0.10/turn              (no ring)
MPRegen  0.36/turn              (no ring)

@: very slightly contaminated
A: negative energy resistance 1, electricity resistance, unbreathing,
petrification resistance, rot immunity, AC +4
a: no special abilities


You were on level 3 of the Dungeon.
You were not hungry.

You visited 1 branch of the dungeon, and saw 3 of its levels.

You collected 119 gold pieces.

Inventory:

Hand Weapons
 j - a +0 club (weapon)
Missiles
 b - 32 stones (quivered)
Armour
 c - a +0 robe
 n - a +0 leather armour (worn)
Jewellery
 f - an amulet of magic regeneration (around neck)
Scrolls
 h - a scroll of teleportation {unknown}
 i - a scroll of fear {unknown}
 k - a scroll of immolation {unknown}
 l - a scroll of amnesia {unknown}
Potions
 a - 2 potions of degeneration {unknown}
 e - a potion of haste {unknown}
 g - a potion of resistance
 m - a potion of curing
 p - 3 potions of agility
 q - a potion of mutation {unknown}
Comestibles
 d - 5 rations
 o - a chunk of flesh


   Skills:
 + Level 2.2 Armour
 - Level 1.5 Dodging
 - Level 2.1 Stealth
 - Level 2.0 Spellcasting
 + Level 3.0 Conjurations
   Level 0.7 Transmutations
 + Level 6.3 Earth Magic


You had 5 spell levels left.
You knew the following spells:

 Your Spells              Type           Power        Failure   Level  Hunger
a - Sandblast             Erth           ###...       1%          1    #......
b - Stone Arrow           Conj/Erth      ###...       11%         3    ###....

Your spell library contained the following spells:

 Spells                   Type           Power        Failure   Level  Hunger
 Passwall                 Tmut/Erth      ##......     9%          2    ###....
 Lee's Rapid Deconstruct  Erth           ###.......   45%         5    ######.
 Petrify                  Tmut/Erth      ##......     50%         4    #####..


Dungeon Overview and Level Annotations

Branches:
Dungeon (3/15)

Altars:
Nemelex Xobeh


Innate Abilities, Weirdness & Mutations

You are resistant to torment.
Your stone body is resilient. (AC +4)
You are immune to poison.
You resist negative energy. (rN+)
You are resistant to electric shocks. (rElec)
You can survive without breathing.
You are immune to petrification.
You are immune to rotting.


Message History

Aim: a killer bee (heavily wounded)
The blast of sand hits the killer bee!
You kill the killer bee!
Your Armour skill increases to level 2!
Your Conjurations skill increases to level 3!
You have reached level 6!
Your experience leads to an increase in your attributes!
Increase (S)trength, (I)ntelligence, or (D)exterity?
You feel clever.
b - 33 stones The killer bee closely misses you.
The killer bee barely misses you.
Casting: Sandblast (safe; 1% risk of failure)
Confirm with . or Enter, or press ? or * to list all spells.
Aiming: Sandblast (safe; 1% risk of failure)
Press: ? - help, Shift-Dir - straight line, f - killer bee
Aim: a killer bee The blast of sand misses the killer bee.
b - 32 stones The killer bee barely misses you.
The killer bee stings you.
You die...

#......#...#
########...# #...#
#############
##w.[####
............#
#####....(..#
###...#####.#
#...........# #
#...# #<#.#
#.......>...# #
#######)#.#
#.)y........# #
........#.#
#.@....###### #
.##.......#
#......# #
##.########......#
... #............#
### #.############
#.# #÷# #.# #.#


You could see a worm and a killer bee.

Vanquished Creatures
  3 killer bees (D:3)
  5 adders
  A worm (D:2)
  3 leopard geckos
  An orc (D:3)
  5 bats
  7 giant cockroaches
  3 goblins
  3 hobgoblins
  8 kobolds
  2 quokkas (D:2)
  6 rats
47 creatures vanquished.

Notes
Turn   | Place    | Note
-------+----------+-------------------------------------------
     0 | D:1      | cab the Gargoyle Earth Elementalist began the quest for the
                  | Orb.
     0 | D:1      | Reached XP level 1. HP: 10/10 MP: 3/3
   284 | D:1      | Reached skill level 4 in Earth Magic
   446 | D:1      | Reached XP level 2. HP: 12/15 MP: 5/5
  1805 | D:2      | Reached XP level 3. HP: 19/19 MP: 6/6
  1826 | D:2      | Reached skill level 5 in Earth Magic
  1844 | D:2      | Learned a level 3 spell: Stone Arrow
  2240 | D:2      | Reached skill level 1 in Conjurations
  2499 | D:2      | Reached XP level 4. HP: 12/24 MP: 4/7
  2816 | D:2      | Found a sparkling altar of Nemelex Xobeh.
  3520 | D:3      | Reached skill level 1 in Armour
  3520 | D:3      | Reached XP level 5. HP: 22/28 MP: 6/8
  3523 | D:3      | Reached skill level 6 in Earth Magic
  3524 | D:3      | HP: 1/28 [killer bee (7)]
  3526 | D:3      | Reached XP level 6. HP: 1/32 MP: 4/9
  3527 | D:3      | Slain by a killer bee

Skill      XL: |  1  2  3  4  5 |
---------------+----------------+-----
Earth Magic    | 4 5 6 |  6.3
Conjurations   | 1 2 3 |  3.0
Armour         | 1 2 |  2.2
Dodging        | |  1.5
Stealth        | |  2.1
Spellcasting   | |  2.0
Transmutations | |  0.7

Action                   |  1- 3 |  4- 6 || total
-------------------------+-------+-------++-------
Melee: Whip              |    32 |       ||    32
       Unarmed           |     7 |       ||     7
       Club              |   115 |    40 ||   155
 Cast: Sandblast         |    16 |    17 ||    33
       Stone Arrow       |     1 |     1 ||     2
  Use: Scroll            |       |     3 ||     3
 Stab: Sleeping          |     1 |     1 ||     2
  Eat: Chunk             |     6 |     3 ||     9
Armor: Robe              |    72 |     7 ||    79
       Leather armour    |       |    17 ||    17
Dodge: Dodged            |   127 |    58 ||   185
